Map: Odyssey LE

Players

deMaar - Winner!

  • Race: Zerg Zerg
  • League: Silver
  • Spawn Location: 5:00

Yata

  • Race: Zerg Zerg
  • League: Silver
  • Spawn Location: 11:00

VOD

Have the link to the VOD?

Description

Time

  • Played on: July 22, 2017, 2:40 p.m.
  • Length: 22:40
Show
View Real Time Build Order
Export as new Build Order

deMaar Zerg - Winner!

Build Orders: Hatch First, Muta Ling Bane 

Get SALT Encoding   

  12  0:15  Extractor  
  11  0:31  Hatchery  
  10  0:36  Drone  
  10  0:42  Drone  
  12  1:03  Spawning Pool  
  11  1:10  Drone  
  12  1:17  Drone  
  13  1:51  Zergling x2  
  13  1:52  Zergling x6  
  17  1:57  Lair  
  17  2:04  Metabolic Boost  
  17  2:14  Drone  
  17  2:15  Drone  
  19  2:23  Drone  
  19  3:08  Zergling x2  
  19  3:09  Overlord  
  19  3:20  Zergling x2  
  19  3:21  Overlord x2  
  19  3:27  Queen  
  22  3:34  Baneling Nest  
  22  3:35  Drone  
  22  3:36  Drone x2  
  22  3:37  Overseer  
  22  3:39  Drone  
  25  3:43  Drone  
  26  3:52  Drone  
  27  4:09  Spire  
  25  4:19  Zergling x6  
  25  4:20  Zergling x4  
  25  4:22  Baneling  
  25  4:23  Baneling  
  30  4:35  Queen  
  30  4:36  Drone  
  33  4:47  Queen  
  33  4:48  Drone  
  33  5:07  Zergling x6  
  33  5:08  Zergling x6  
  39  5:17  Extractor  
  39  5:19  Drone  
  38  5:32  Zergling x2, Drone  
  38  5:33  Zergling x4  
  41  5:38  Baneling x6  
  41  5:42  Baneling x3  
  29  6:18  Mutalisk  
  29  6:21  Drone x3  
  29  6:22  Drone x2  
  36  6:26  Extractor  
  33  6:59  Drone x5  
  33  7:00  Drone  
  39  7:18  Spore Crawler  
  38  7:25  Mutalisk, Zerg Flyer Weapons Level 1  
  40  7:48  Zergling x10, Extractor  
  39  8:22  Zergling x2  
  40  8:32  Zergling x2  
  40  8:33  Zergling x6  
  44  8:34  Overlord x4  
  44  8:47  Centrifical Hooks  
  44  8:50  Overlord x2  
  44  8:55  Mutalisk  
  44  8:59  Queen  
  48  9:18  Mutalisk  
  48  9:19  Mutalisk x4  
  48  9:22  Drone  
  59  9:32  Drone  
  59  9:34  Queen  
  59  9:37  Mutalisk  
  64  9:39  Zergling x4  
  64  9:40  Zergling x2  
  67  9:46  Mutalisk  
  69  9:57  Zergling x4  
  71  10:01  Zerg Flyer Armor Level 1  
  71  10:03  Overseer  
  71  10:08  Zergling x6  
  71  10:09  Zergling x4  
  75  10:35  Zergling x16  
  77  10:55  Corruptor x2  
  81  11:01  Zergling x4  
  83  11:17  Drone x2  
  83  11:18  Drone  
  86  11:57  Overlord x2, Zergling x6  
  66  12:24  Mutalisk  
  66  12:25  Mutalisk  
  68  12:33  Mutalisk, Drone  
  70  12:42  Mutalisk  
  48  14:24  Mutalisk  
  48  14:25  Mutalisk x2  
  44  15:20  Hatchery  
  40  15:59  Zergling x4  
  42  16:41  Drone x2  
  44  17:01  Spine Crawler  
  43  17:04  Spine Crawler, Overseer  
  43  17:05  Overseer  
  42  17:11  Overseer  
  42  17:15  Drone  
  43  17:20  Zergling x2  
  43  17:21  Zergling x4  
  46  17:30  Zergling x4  
  46  17:31  Zergling x8  
  52  17:39  Zerg Flyer Weapons Level 2  
  52  17:44  Zergling x4  
  52  17:45  Zergling x2  
  55  17:52  Evolution Chamber  
  55  17:55  Spine Crawler  
  53  18:03  Evolution Chamber  
  52  18:06  Evolution Chamber  
  52  18:11  Spine Crawler  
  50  18:20  Spine Crawler  
  50  18:21  Drone  
  44  18:43  Zerg Melee Weapons Level 1, Zerg Missile Weapons Level 1  
  44  18:55  Zerg Ground Armor Level 1  
  44  18:58  Drone x3  
  47  19:04  Zergling x2  
  47  19:05  Zergling x2  
  49  19:29  Zergling x6  
  49  19:30  Zergling x6  
  55  19:39  Drone x2  
  57  20:06  Spore Crawler  
  55  20:09  Queen  
  56  20:37  Pneumatized Carapace  
  56  20:44  Queen  
  56  20:47  Overseer  
  58  20:54  Drone  
  58  20:55  Drone  
  60  21:00  Drone x3  
  63  21:32  Hatchery  
  62  21:42  Baneling  
  62  21:43  Baneling x4  
  62  21:48  Mutalisk  
Show
View Real Time Build Order
Export as new Build Order

Yata Zerg 

Build Orders: Hatch First 

Get SALT Encoding   

  12  0:01  Drone  
  13  0:12  Overlord  
  13  0:23  Drone  
  14  0:33  Drone x2  
  16  0:37  Drone  
  17  0:57  Hatchery, Drone  
  17  1:00  Drone  
  18  1:11  Extractor  
  18  1:17  Spawning Pool  
  16  1:25  Drone  
  16  1:26  Drone  
  16  1:29  Drone  
  19  1:39  Overlord  
  19  1:52  Drone  
  20  2:04  Queen  
  22  2:09  Queen  
  22  2:13  Zergling x4  
  26  2:18  Drone  
  27  2:23  Metabolic Boost  
  27  2:53  Zergling x6  
  30  3:00  Zergling x4  
  30  3:01  Zergling x2  
  28  3:26  Baneling Nest  
  27  3:29  Evolution Chamber  
  27  3:30  Queen  
  27  3:32  Queen  
  30  3:36  Drone x6  
  36  3:58  Zerg Melee Weapons Level 1  
  35  4:16  Zergling x4  
  36  4:19  Overlord x3  
  36  4:45  Unknown  
  34  5:01  Zergling x18  
  40  5:34  Baneling x4  
  40  5:43  Zergling x8  
  35  6:33  Roach Warren  
  35  6:34  Lair  
  35  6:36  Zerg Ground Armor Level 1  
  35  6:39  Hatchery  
  33  6:40  Baneling x2  
  33  6:42  Zergling x2  
  33  6:43  Zergling x10  
  36  6:53  Zergling x2  
  36  6:54  Zergling x10  
  42  7:03  Pneumatized Carapace  
  42  7:11  Overlord x3  
  37  8:05  Zergling x2  
  37  8:06  Zergling x26  
  43  8:40  Spore Crawler  
  43  8:41  Spore Crawler  
  41  8:44  Spire  
  41  8:45  Zerg Missile Weapons Level 1  
  40  8:53  Queen x2  
  40  8:54  Queen  
  46  8:59  Roach  
  46  9:00  Roach x4  
  56  9:18  Extractor  
  55  9:38  Roach  
  55  9:39  Roach x3  
  63  10:03  Mutalisk  
  65  10:17  Glial Reconstitution  
  65  10:24  Overlord  
  65  10:25  Overlord x3  
  63  10:43  Mutalisk  
  65  10:58  Roach x4  
  65  10:59  Roach  
  75  11:28  Overseer  
  75  11:33  Roach  
  75  11:34  Roach x4  
  65  12:40  Corruptor  
  65  12:41  Corruptor x2  
  37  13:21  Infestation Pit, Queen  
  37  13:25  Mutalisk x2  
  42  13:35  Drone x7  
  42  13:40  Mutalisk  
  51  13:46  Extractor  
  44  14:01  Mutalisk  
  46  14:09  Spore Crawler  
  39  14:12  Spore Crawler x2  
  39  14:13  Spore Crawler  
  39  14:14  Spore Crawler x2  
  39  14:16  Spore Crawler x2  
  24  14:17  Spore Crawler x2  
  24  14:22  Zergling x2  
  24  14:23  Zergling x10  
  23  14:28  Spore Crawler  
  20  14:31  Spore Crawler  
  20  14:33  Spore Crawler  
  20  14:36  Spore Crawler  
  17  14:53  Zergling x2  
  17  14:54  Zergling x8  
  17  14:59  Drone  
  10  15:50  Zergling x4  
  10  15:51  Zergling x14  
  19  16:12  Zergling x4  
  21  16:19  Queen  
  14  16:47  Drone x6  
  20  16:59  Hive  
  20  17:05  Zergling x2  
  20  17:06  Zergling x6  
  24  17:42  Drone x3  
  24  17:43  Drone x4  
  31  18:11  Spore Crawler  
  24  19:10  Ultralisk Cavern  
  24  19:11  Hatchery  
  22  19:21  Extractor  
  21  19:38  Queen  
  21  19:39  Queen  
  21  19:40  Hatchery  
  24  20:10  Drone x4  
  26  20:50  Viper x3  
  35  21:10  Drone  
  38  21:11  Drone x2  
  38  21:41  Drone x7  
  45  21:50  Overseer  
  41  22:07  Zergling x2  
  41  22:08  Zergling x10  
Tags
 
Composition
Muta Ling Bane
Matchup
ZvZ
Race
Zerg
Replay Pack
Pack 1
Spawn Locations
Cross Positions
Add a new tag
Caveats
  • Supply blocks, unpowered buildings, or Contaminate may cause inaccurate times.
  • Supply counts are checked every 10 seconds.